[Event "*** Titled Tuesday Blitz"]
[Site "Chess.com"]
[Date "2021.04.06"]
[Round "10"]
[White "Sibelephant"]
[Black "ChessWarrior7197"]
[Result "1/2-1/2"]
[WhiteElo "3112"]
[BlackElo "2925"]
[TimeControl "180+1"]
[EndTime "11:56:45 PDT"]
[Termination "Game drawn by stalemate"]

1. d4 Nf6 2. Bg5 d5 3. Nd2 g6 4. e3 Bg7 5. Ngf3 O-O 6. Be2 c6 7. O-O Bf5 8. c4 h6 9. Bh4 g5 10. Bg3 e6 11. Rc1 Nbd7 12. b4 a6 13. h4 Ne4 14.
cxd5 Nxg3 15. fxg3 cxd5 16. Nb3 b6 17. Bd3 Bg4 18.
hxg5 hxg5 19. Rc6 Qe7 20. Qc2 Bxf3 21. gxf3 f5 22. Kg2 Nf6 23. Rxb6 Rac8 24. Nc5 Rfe8 25. Bxa6 Rc7 26. Bb5 Ra8 27. Qb3 f4 28. exf4 gxf4 29. g4 Nh5 30. Rh1 Ng3 31. Rxe6 Qf7 32. Rhe1 Bf8 33.
Re8 Rxe8 34. Bxe8 Qh7 35. Qxd5+ Kh8 36. Qe5+ Rg7 37. Qxf4 Nf5 38. Rh1 Nh4+ 39. Rxh4 Qxh4 40. Qxf8+ Rg8 41. Qf7 Rxg4+ 42. fxg4 Qg3+ 43. Kf1 Qe1+ 44. Kg2 Qg3+ 45. Kxg3 1/2-1/2

[Event "*** Titled Tuesday Blitz"]
[Site "Chess.com"]
[Date "2021.04.06"]
[Round "10"]
[White "chescomhuynya"]
[Black "attack2mateU"]
[Result "0-1"]
[WhiteElo "2563"]
[BlackElo "2693"]
[TimeControl "180+1"]
[EndTime "11:56:45 PDT"]
[Termination "attack2mateU won by checkmate"]

1. e4 c5 2. Nf3 d6 3. d4 cxd4 4.
Nxd4 Nf6 5. Nc3 a6 6. Bc4 e6 7. Bb3 b5 8. O-O Be7 9. Qf3 Qb6 10. Be3 Qb7 11. Rad1 b4 12. Na4 O-O 13. Rfe1 Nbd7 14. Bg5 h6 15. Bc1 Ne5 16. Qe2 Bd7 17. f4 Nc6 18. Nxc6 Bxc6 19. e5 dxe5 20. fxe5 Ne4 21.
Qg4 Bg5 22. Bxg5 hxg5 23. Qe2 Rad8 24. Rd3 g4 25. Qe3 Qc7 26. Nc5 Nxc5 27. Qxc5 Rxd3 28. cxd3 Qd7 29. d4 Rd8 30. Rd1 Be4 31. Qxb4 Qc7 32. Qc3 Qb6 33. Qe3 Qb7 34. Qf2 a5 35. Bc2 Bd5 36. b3 Rc8 37. Bb1 Qb4 38. Qh4 g6 39.
Qxg4 Rc3 40. Bxg6 fxg6 41. Qxg6+ Kf8 42. Rf1+ Bf3 43. Qf6+ Ke8 44. Rxf3 Qxd4+ 45. Kf1 Rc1+ 46. Ke2 Rc2+ 47. Ke1 Qd2+ 48. Kf1 Qd1# 0-1

[Event "*** Titled Tuesday Blitz"]
[Site "Chess.com"]
[Date "2021.04.06"]
[Round "10"]
[White "frenchpin"]
[Black "TST2014"]
[Result "0-1"]
[WhiteElo "2505"]
[BlackElo "2665"]
[TimeControl "180+1"]
[EndTime "11:56:45 PDT"]
[Termination "TST2014 won on time"]

1. e4 c5 2. Nf3 d6 3. d4 cxd4 4. Nxd4 Nf6 5. f3 e5 6. Bb5+ Nbd7 7. Nf5 a6 8. Ba4 b5 9. Bb3 Nb6 10. Ne3 Be6 11. Nc3 Rc8 12. O-O Be7 13. Rf2 O-O 14. Ncd5 Nfxd5 15. Nxd5 Nxd5 16. Bxd5 Qb6 17. c3 Bh4 18. g3 Bd8 19. Kg2 Bh3+ 20. Kg1 Qa7 21. g4 Bb6 22. Qe2 h5 23. gxh5 Kh7 24. Bd2 f5 25.
Rd1 Kh8 26. Be1 Qe7 27. Kh1 Bxf2 28. Bxf2 Qg5 29. Be3 Qxh5 30. Be6 Rce8 31. Rxd6 fxe4 32. Bg4 Bxg4 33. fxg4 Qh3 34. Bf2 Qf3+ 35. Qxf3 Rxf3 36. Kg2 Ref8 37. Bg3 e3 38. Re6 Rf2+ 39. Kh3 Rxb2 40.
Bxe5 Rxa2 41. Re7 Rg8 42. Bd4 e2 43. Re6 Kh7 44. Re7 Kg6 45. Re6+ Kf7 0-1

[Event "*** Titled Tuesday Blitz"]
[Site "Chess.com"]
[Date "2021.04.06"]
[Round "10"]
[White "HackingKid98"]
[Black "Ranindu2003"]
[Result "1-0"]
[WhiteElo "2501"]
[BlackElo "2573"]
[TimeControl "180+1"]
[EndTime "11:56:46 PDT"]
[Termination "HackingKid98 won by resignation"]

1. d4 Nf6 2. c4 e6 3. g3 d5 4. Bg2 Be7 5. Nf3 O-O 6. O-O dxc4 7. Qa4 a6 8. Qxc4 b5 9. Qc2 Bb7 10. Bd2 Bd6 11. a3 Nbd7 12. b4 Nb6 13. Nc3 Nbd5 14.
Nxd5 Bxd5 15. Ng5 h6 16. Ne4 Rc8 17. Nxf6+ gxf6 18. Bxd5 exd5 19. Bxh6 Re8 20. Qf5 Bf8 21. Bxf8 Rxf8 22. Rac1 Qd6 23. Rc5 c6 24. Rfc1 Kg7 25. Qc2 Qe6 26. Rxc6 Rxc6 27. Qxc6 Qe4 28. Rc3 Rh8 29. Rf3 Rh6 30. Rf4 Qb1+ 31. Kg2 Qa2 32. Rg4+ Rg6 33. Rxg6+ Kxg6 34. Qc3 Qxe2 35. Qf3 Qd2 36.
Qe3 Qd1 37. h4 Qc2 38. g4 Qd1 39. Qf4 Qd3 40. Qf5+ Qxf5 41. gxf5+ Kxf5 42. Kf3 Kg6 43. Kg4 Kh6 44. Kf5 Kh5 45. Kxf6 Kxh4 46. Kxf7 Kg4 47. Ke6 Kf3 48. Kxd5 1-0

[Event "*** Titled Tuesday Blitz"]
[Site "Chess.com"]
[Date "2021.04.06"]
[Round "10"]
[White "FMalexhdez"]
[Black "Ladislav1969"]
[Result "0-1"]
[WhiteElo "2193"]
[BlackElo "2346"]
[TimeControl "180+1"]
[EndTime "11:56:49 PDT"]
[Termination "Ladislav1969 won on time"]

1. e4 c5 2. Nf3 e6 3. d4 cxd4 4.
Nxd4 a6 5. Nc3 b5 6. a3 Bb7 7. g3 d6 8. Bg2 Nd7 9. O-O Be7 10.
Nde2 Qc7 11. Be3 Ngf6 12. h3 Ne5 13. b3 O-O 14. f4 Ned7 15. g4 Nc5 16. Ng3 Nxb3 17.
cxb3 Qxc3 18. Bf2 Rac8 19. g5 Nd7 20. Qh5 g6 21. Qh6 Qg7 22. Rac1 f6 23. e5 fxg5 24.
Qxg7+ Kxg7 25. Bxb7 Rxc1 26. Rxc1 gxf4 27. Ne4 Nxe5 28.
Rc7 Rf7 29. Bc8 Bd8 30. Rxf7+ Kxf7 31. Bxa6 d5 32. Nd6+ Ke7 33. Nxb5 Nd3 34. Nc3 Nxf2 35. Kxf2 Kd6 36. b4 e5 37. a4 Bb6+ 38. Ke2 e4 39. a5 Bg1 40. b5 Kc5 41. b6 f3+ 42. Kf1 Bh2 43. b7 Kd4 44. Nd1 e3 45. Bb5 Kc5 0-1

[Event "*** Titled Tuesday Blitz"]
[Site "Chess.com"]
[Date "2021.04.06"]
[Round "10"]
[White "PawnEatingZombie"]
[Black "Grineva_Marianna"]
[Result "1/2-1/2"]
[WhiteElo "2192"]
[BlackElo "2245"]
[TimeControl "180+1"]
[EndTime "11:56:50 PDT"]
[Termination "Game drawn - insufficient material"]

1. d4 d6 2. e4 Nd7 3. Nc3 h6 4. g3 g5 5. Bg2 Bg7 6. Nge2 c5 7. Be3 cxd4 8. Nxd4 Ne5 9. h3 Nc4 10. Bc1 Qb6 11. Nb3 Bxc3+ 12. bxc3 Nf6 13. O-O Bd7 14. Qd4 Rc8 15. Kh2 Qxd4 16. cxd4 Nb6 17. Na5 Rxc2 18. Nxb7 Bb5 19. Re1 Rxf2 20. Na5 Kd7 21. e5 Nfd5 22. Kg1 Rc2 23. Nb3 Rhc8 24. Ba3 Re2 25. Bf3 Rxe1+ 26.
Rxe1 Rc2 27. Bg4+ Kc7 28. exd6+ exd6 29. Rc1 Rxc1+ 30. Bxc1 Na4 31. h4 gxh4 32. gxh4 Nac3 33. Bxh6 Nxa2 34. Bg5 Nab4 35. h5 Bd3 36. h6 Kb6 37. Bh5 f6 38. Bc1 Bh7 39. Bf7 a5 40. Kf2 a4 41. Nd2 Kb5 42. Ne4 Nd3+ 43. Kf3 Nxc1 44. Nxd6+ Kb4 45. Bxd5 a3 46. Ne8 a2 47. Bxa2 Nxa2 48.
Nxf6 Bg6 49. h7 Nc3 50. Kf4 Bxh7 51. Nxh7 Kc4 52. Ke5 Nd5 53. Nf6 Nxf6 54. Kxf6 Kxd4 1/2-1/2

[Event "*** Titled Tuesday Blitz"]
[Site "Chess.com"]
[Date "2021.04.06"]
[Round "10"]
[White "karinachess1"]
[Black "Kretov_Evgenij"]
[Result "0-1"]
[WhiteElo "2493"]
[BlackElo "2617"]
[TimeControl "180+1"]
[EndTime "11:56:51 PDT"]
[Termination "Kretov_Evgenij won on time"]

1. c4 Nf6 2. Nf3 c5 3. Nc3 e6 4. g3 b6 5. Bg2 Bb7 6. O-O Be7 7. d4 cxd4 8. Qxd4 d6 9. Rd1 a6 10. b3 Nbd7 11. Bb2 O-O 12. Rac1 Qc7 13. h3 Rac8 14.
Qf4 Rfd8 15. g4 Qb8 16. g5 Ne8 17. h4 Ba8 18. h5 Nf8 19. Ne4 e5 20. Qg4 Ne6 21. g6 Nf4 22. gxf7+ Kxf7 23. Neg5+ Kg8 24. e3 Bxf3 25. Bxf3 Bxg5 26. exf4 Bxf4 27. Bd5+ Kh8 28.
h6 Qc7 29. Rc3 Nf6 30. hxg7+ Qxg7 31. Qxg7+ Kxg7 32. Kf1 Nxd5 33. Rxd5 Kf6 34. Rcd3 Ke6 35. Ke2 b5 36. c5 e4 37. Rd1 Rg8 38. Ba3 dxc5 39.
Bxc5 Rg5 40. Rxg5 Bxg5 41. b4 Bf6 42. Rd6+ Kf5 43. Rxa6 h5 44. Ra5 h4 45. Rxb5 Kg4 46.
Bd6 Rc2+ 47. Ke3 Bg5+ 48. Kxe4 Rxf2 49. a4 h3 50. a5 Bf4 51. Rb7 Re2+ 52. Kd3 Rd2+ 53.
Kc3 Rxd6 54. Rh7 Bh6 55. a6 h2 0-1

[Event "*** Titled Tuesday Blitz"]
[Site "Chess.com"]
[Date "2021.04.06"]
[Round "10"]
[White "GameOverBro"]
[Black "Godzillator"]
[Result "1/2-1/2"]
[WhiteElo "2523"]
[BlackElo "2331"]
[TimeControl "180+1"]
[EndTime "11:56:51 PDT"]
[Termination "Game drawn by repetition"]

1. e4 c6 2. Nc3 d5 3. Nf3 Bg4 4. h3 Bxf3 5. Qxf3 Nf6 6. d3 e6 7. a3 Be7 8. g4 d4 9. Ne2 c5 10. g5 Nfd7 11. h4 Nc6 12. Bh3 Qc7 13. h5 Rf8 14. Qg2 O-O-O 15. Bd2 Kb8 16. f4 e5 17. O-O f6 18. g6 hxg6 19. hxg6 Rh8 20. Bxd7 Qxd7 21.
f5 Rh4 22. Kf2 Rdh8 23. Rh1 c4 24. Rxh4 Rxh4 25. Rh1 Rxh1 26. Qxh1 cxd3 27. cxd3 Bf8 28. Qh8 Qe7 29. Ng3 a5 30. Nh5 b6 31. Bh6 Qc5 32.
Kg3 Kb7 33. Bxg7 Qc2 34. Qxf8 Qxd3+ 35. Kh4 Qxe4+ 36. Kg3 Qe3+ 37. Kh4 Qg5+ 38. Kh3 Qxh5+ 39. Kg3 Qg5+ 40. Kh2 d3 41. Qxf6 Qxf6 42. Bxf6 d2 43. g7 d1=Q 44. g8=Q Qe2+ 45. Qg2 Qxg2+ 46. Kxg2 Nd4 47.
Bxe5 Nxf5 48. Kf3 Kc6 49. Ke4 Ne7 50. Kd4 Nd5 51. Bg7 Nf4 52. Kc4 b5+ 53. Kc3 Nd5+ 54. Kd4 a4 55. Bf8 Nb6 56. Bb4 Nc4 57. Bc3 Kd6 58.
Ke4 Kc5 59. Bb4+ Kc6 60. Bc3 Kc5 61. Bb4+ Kc6 62. Bc3 Kc5 1/2-1/2

[Event "*** Titled Tuesday Blitz"]
[Site "Chess.com"]
[Date "2021.04.06"]
[Round "10"]
[White "Konek-Gorbunok"]
[Black "Ave_Mariia"]
[Result "0-1"]
[WhiteElo "2335"]
[BlackElo "2469"]
[TimeControl "180+1"]
[EndTime "11:56:51 PDT"]
[Termination "Ave_Mariia won on time"]

1. d4 Nf6 2. Nf3 e6 3. g3 c5 4. Bg2 cxd4 5. O-O d5 6. Nxd4 e5 7. Nf3 Nc6 8. c4 d4 9. e3 Be7 10. exd4 exd4 11. Nbd2 O-O 12. Nb3 d3 13. Be3 Be6 14.
Rc1 Rc8 15. Nbd4 Nxd4 16. Nxd4 Ng4 17. Qxd3 Nxe3 18. Qxe3 Bc5 19. Nxe6 Bxe3 20. Nxd8 Bxc1 21. Nxf7 Kxf7 22. Rxc1 b5 23. c5 Rfd8 24. c6 Rc7 25. b3 Rd2 26. a4 bxa4 27. bxa4 Rd4 28. Ra1 a5 29. Bf3 Ke6 30. Kg2 Kd6 31. h4 Rf7 32.
Ra3 Re7 33. Ra2 Re1 34. Rc2 Kc7 35. Rb2 Rb4 36. Rd2 Re7 37. Ra2 g6 38. Ra3 Rb2 39.
Ra1 Kb6 40. Ra3 Rf7 41. Rc3 Rb4 42. Ra3 Kc5 43. Rc3+ Rc4 44. Ra3 Rc7 45. Rb3 Rxa4 46. Rb7 Kd6 47. Rb5 Ra7 48. Rd5+ Kc7 49. Rd7+ Kb6 0-1

[Event "*** Titled Tuesday Blitz"]
[Site "Chess.com"]
[Date "2021.04.06"]
[Round "10"]
[White "BogdanDeac"]
[Black "Sanan_Sjugirov"]
[Result "1-0"]
[WhiteElo "3061"]
[BlackElo "2874"]
[TimeControl "180+1"]
[EndTime "11:56:53 PDT"]
[Termination "BogdanDeac won on time"]

1. e4 c5 2. Nf3 d6 3. d4 cxd4 4. Nxd4 Nf6 5. Nc3 a6 6. Qd3 e6 7.
a4 b6 8. Be2 Bb7 9. O-O Nbd7 10. Qg3 Be7 11. Bd3 Nc5 12. Re1 O-O 13. Bh6 Ne8 14. Bd2 Rc8 15. Rad1 Kh8 16. Nb3 Nxd3 17. Qxd3 Nf6 18. Be3 Qc7 19. f3 Nd7 20. Qe2 Ne5 21.
Nd2 Bf6 22. Qf2 Nd7 23. Bd4 Rfd8 24. Nf1 Kg8 25. Ng3 Bxd4 26. Rxd4 Ne5 27. Re2 Qc5 28. Nd1 b5 29. axb5 axb5 30. b3 b4 31. Red2 Ra8 32. Rxd6 Qxd6 33. Rxd6 Rxd6 34. Ne3 Ra1+ 35. Nef1 Rdd1 36.
Qb6 h6 37. Qxb7 Ng6 38. h4 Nxh4 39. Qxb4 Ng6 40. Qc3 Kh7 41. Qc7 Kg8 42. b4 e5 43. b5 Rab1 44. b6 Rd4 45. c4 Nf4 46. b7 1-0

[Event "*** Titled Tuesday Blitz"]
[Site "Chess.com"]
[Date "2021.04.06"]
[Round "10"]
[White "WiktoriaPOL"]
[Black "ahmad_alkhatib11"]
[Result "0-1"]
[WhiteElo "2056"]
[BlackElo "2282"]
[TimeControl "180+1"]
[EndTime "11:56:56 PDT"]
[Termination "ahmad_alkhatib11 won by checkmate"]

1. e4 c5 2. d4 cxd4 3. c3 dxc3 4. Nxc3 Nc6 5. Nf3 d6 6. Bc4 e6 7. O-O Be7 8. Qe2 Nf6 9. Rd1 e5 10. Bg5 Bg4 11. Bxf6 Bxf6 12. Nd5 O-O 13. h3 Na5 14.
Bd3 Bxf3 15. Qxf3 Nc6 16. Nxf6+ Qxf6 17. Qxf6 gxf6 18. Bc4 Nd4 19. Bd5 Rac8 20. Rd2 b6 21. Kf1 Rc5 22. Bb3 Rfc8 23. Ke1 Kf8 24. Kd1 Ke7 25.
Rd3 Rg8 26. g3 Rgc8 27. Rd2 f5 28. exf5 Nxf5 29. Bc2 Nd4 30. Bd3 h6 31. f4 Ke6 32.
fxe5 dxe5 33. Ke1 Nf3+ 34. Ke2 Nxd2 35. Kxd2 Rd8 36. Ke3 f5 37. Rf1 Rf8 38. g4 f4+ 39.
Ke2 Rd8 40. Rd1 Rd4 41. b3 b5 42. Kf2 Rcd5 43. Bf5+ Kd6 44. Rc1 Rd2+ 45. Kf3 Rh2 46.
Rc8 Rxh3+ 47. Ke2 Re3+ 48. Kf2 Rd2+ 49. Kf1 Rxa2 50. Rd8+ Kc5 51. Rh8 Rxb3 52. Bc2 Rxc2 53.
Rc8+ Kd4 54. Rxc2 e4 55. Rh2 f3 56. Rxh6 e3 57. Rd6+ Ke4 58. Re6+ Kf4 59. Rf6+ Kg3 60. Ke1 Rb1# 0-1

[Event "*** Titled Tuesday Blitz"]
[Site "Chess.com"]
[Date "2021.04.06"]
[Round "10"]
[White "Leonid_Starozhilov"]
[Black "VD_coach"]
[Result "1-0"]
[WhiteElo "2707"]
[BlackElo "2508"]
[TimeControl "180+1"]
[EndTime "11:56:57 PDT"]
[Termination "Leonid_Starozhilov won by resignation"]

1. e4 c5 2. Nf3 d6 3. Bb5+ Nd7 4. O-O Nf6 5. Re1 a6 6. Bxd7+ Bxd7 7. c3 Bc6 8. d4 Bxe4 9. Bg5 Bxb1 10. Rxb1 e6 11.
Bxf6 Qxf6 12. dxc5 dxc5 13. Qa4+ b5 14. Qe4 Rc8 15. Qb7 Qd8 16. Qxa6 Rb8 17. a4 Qb6 18.
axb5 Qxb5 19. Qa7 Qb7 20. Qa4+ Qb5 21. Qg4 h5 22. Qg3 h4 23. Nxh4 Rd8 24. Nf3 Qd3 25. Qc7 Bd6 26. Qc6+ Ke7 27. Rbd1 Qf5 28. h3 g5 29. Qb7+ Rd7 30. Qc6 g4 31. hxg4 Qh7 32. Kf1 Qh1+ 33. Ke2 Qh7 34. Rd3 Rb8 35. Rd2 Rbb7 36.
Qa4 Ra7 37. Qc2 Qg7 38. Red1 Ra6 39. g3 Kf8 40. Qd3 Qf6 41. Qxa6 Qe7 42. Qa8+ Kg7 43.
Qe4 c4 44. Rxd6 Rxd6 45. Qe5+ f6 46. Qxd6 Qf7 47. Qd7 1-0

[Event "*** Titled Tuesday Blitz"]
[Site "Chess.com"]
[Date "2021.04.06"]
[Round "10"]
[White "2346PL"]
[Black "Chernobay_Artem"]
[Result "0-1"]
[WhiteElo "2488"]
[BlackElo "2591"]
[TimeControl "180+1"]
[EndTime "11:56:57 PDT"]
[Termination "Chernobay_Artem won on time"]

1. d4 Nf6 2. Nc3 d5 3. Bf4 a6 4. e3 e6 5. g4 c5 6. g5 Nfd7 7. Nf3 Nc6 8. h4 b5 9. Qd2 Nb6 10. Ne5 Bb7 11. Nd1 cxd4 12. exd4 Nc4 13. Nxc4 dxc4 14.
Bg2 Qd7 15. c3 Nxd4 16. cxd4 Bxg2 17. Rg1 Be4 18. Nc3 Bd3 19. Qe3 Rd8 20. Be5 Rg8 21.
O-O-O Bd6 22. Ne4 Bxe5 23. dxe5 Qd4 24. Nd6+ Rxd6 25. exd6 Qxd6 26. Qa7 g6 27. Qa8+ Qd8 28. Qxa6 Kf8 29. Qa5 Qd4 30. Qxb5 Kg7 31. Qb4 Ra8 32. a3 Qxf2 33. Qd2 Qb6 34. Qc3+ Kg8 35. Rg2 Rb8 36. Rg4 Qb7 37. h5 gxh5 38. Rf4 Qg2 39. Qd2 Qg3 40. Rf6 Rb3 41. a4 Qe5 42. a5 c3 43. Qxd3 cxb2+ 44. Kb1 Rxd3 45. Rxd3 Qxg5 46. Rb3 Qxf6 47. a6 Qf1+ 48.
Kxb2 Qxa6 0-1

[Event "*** Titled Tuesday Blitz"]
[Site "Chess.com"]
[Date "2021.04.06"]
[Round "10"]
[White "GM_LOADING"]
[Black "Guzman70"]
[Result "1/2-1/2"]
[WhiteElo "2539"]
[BlackElo "2372"]
[TimeControl "180+1"]
[EndTime "11:56:57 PDT"]
[Termination "Game drawn - insufficient material"]

1. e4 c5 2. Nf3 Nc6 3. d4 cxd4 4. Nxd4 Nf6 5. Nc3 d6 6. Bg5 e6 7. Qd3 a6 8. O-O-O h6 9. Bh4 Bd7 10. Kb1 b5 11. f4 Be7 12. g4 Nxg4 13. Bxe7 Qxe7 14.
Qg3 h5 15. Bg2 Rc8 16. Rhe1 O-O 17. Nxc6 Bxc6 18. Bf3 b4 19. Nd5 exd5 20. exd5 Qf6 21. dxc6 a5 22. h3 Nh6 23. Qg5 Qxg5 24. fxg5 Nf5 25.
b3 g6 26. Rd5 Nh4 27. Bh1 Rxc6 28. Rxa5 Rc5 29. Rxc5 dxc5 30. Re5 Rc8 31. Bd5 Rc7 32. Be4 Kg7 33. Kb2 c4 34. bxc4 Rxc4 35. Kb3 Rd4 36. c3 bxc3 37. Kxc3 Ra4 38. Kb3 Ra7 39. a4 f6 40. gxf6+ Kxf6 41. Rb5 Re7 42. Bd3 Re3 43. Kc3 Ng2 44. Kd4 Rxh3 45. a5 Nf4 46. Bc4 Rh1 47. a6 Ra1 48. Rb7 h4 49. a7 h3 50. Bb5 g5 51.
Bc6 g4 52. Ke4 Ne6 53. Rh7 Ng5+ 54. Kf4 Nxh7 55. a8=Q Rxa8 56. Bxa8 Ng5 57. Kxg4 h2 58. Kg3 Ne6 59. Kxh2 1/2-1/2

[Event "*** Titled Tuesday Blitz"]
[Site "Chess.com"]
[Date "2021.04.06"]
[Round "10"]
[White "K_A_S_T_O_R"]
[Black "InitiatingASC"]
[Result "1-0"]
[WhiteElo "2762"]
[BlackElo "2432"]
[TimeControl "180+1"]
[EndTime "11:56:57 PDT"]
[Termination "K_A_S_T_O_R won by checkmate"]

1. e4 e5 2. Nf3 Nf6 3. d3 d6 4. g3 g6 5. Bg2 Bg7 6. O-O O-O 7. c3 Nbd7 8. Re1 c6 9. d4 Qe7 10.
Nbd2 h6 11. b3 a5 12. a4 Re8 13. Ba3 Qe6 14. dxe5 dxe5 15. Nc4 Bf8 16. Nd6 Rd8 17. Nxc8 Raxc8 18. Bxf8 Nxf8 19. Qc2 N6d7 20. Bf1 Qe7 21.
Kg2 Kg7 22. Rad1 Ne6 23. h4 Nec5 24. Rb1 Nb6 25. Red1 Qe6 26. Nd2 Qg4 27. Re1 Rd7 28. Nf3 Qe6 29. Re3 Rcd8 30. Rb2 Rd1 31. Be2 R1d7 32. Rb1 Kg8 33. b4 axb4 34. Rxb4 Ncxa4 35. Rxa4 Nxa4 36. Qxa4 b5 37. Qb4 Ra8 38. Qc5 Ra4 39. Qxe5 Re7 40. Qxe6 Rxe6 41. Nd4 Rd6 42. e5 Rd5 43.
Nxc6 Rc5 44. Nd4 b4 45. cxb4 Rxb4 46. e6 fxe6 47. Nxe6 Rc2 48. Nf4 g5 49. hxg5 hxg5 50. Nd5 Rbb2 51. Bh5 Rxf2+ 52. Kh3 Rh2+ 53. Kg4 Rbd2 54.
Re5 Kg7 55. Rxg5+ Kf8 56. Rf5+ Kg7 57. Nf4 Rd4 58. Kg5 Ra4 59. Ne6+ Kg8 60. Rf8+ Kh7 61. Bg6# 1-0

[Event "*** Titled Tuesday Blitz"]
[Site "Chess.com"]
[Date "2021.04.06"]
[Round "10"]
[White "PavelShkapenko"]
[Black "TheCount"]
[Result "0-1"]
[WhiteElo "2708"]
[BlackElo "2621"]
[TimeControl "180+1"]
[EndTime "11:56:58 PDT"]
[Termination "TheCount won by resignation"]

1. e4 c5 2. c3 Nf6 3. e5 Nd5 4.
d4 cxd4 5. cxd4 d6 6. Nf3 Nc6 7. Bc4 e6 8. O-O Be7 9. Bd2 O-O 10. Nc3 Nxc3 11. Bxc3 dxe5 12. dxe5 Qc7 13. Qe2 Bd7 14. Bd3 Rfd8 15. h4 Be8 16. Rac1 Rd7 17. Be4 Qb6 18. Rfd1 Rxd1+ 19. Rxd1 Rd8 20. Rxd8 Qxd8 21. h5 g6 22. Qe3 Qb6 23. Qf4 Qa6 24. Nh2 Qe2 25. Ng4 g5 26. Qf3 Qxf3 27. Bxf3 Kg7 28. h6+ Kg8 29.
Be4 b5 30. Nf6+ Bxf6 31. exf6 b4 32. Bd2 g4 33. Be3 a5 34. Kh2 Ne5 35. Kg3 Nd7 36.
Bg5 Nc5 37. Bc2 Bc6 38. Bh4 Be4 39. Bd1 Bf5 40. Bxg4 Bxg4 41. Kxg4 Nd3 42. b3 Nc1 43. Kf3 Nxa2 44. Ke3 Nc1 45. Kd2 Nxb3+ 46. Kc2 Nc5 47. f4 a4 48. Be1 b3+ 49. Kb2 Nd3+ 50. Ka3 Nxe1 0-1

[Event "*** Titled Tuesday Blitz"]
[Site "Chess.com"]
[Date "2021.04.06"]
[Round "10"]
[White "gahryman"]
[Black "Lenyas66"]
[Result "1-0"]
[WhiteElo "2723"]
[BlackElo "2511"]
[TimeControl "180+1"]
[EndTime "11:56:58 PDT"]
[Termination "gahryman won by resignation"]

1. d4 e6 2. Nf3 c5 3. c3 Nc6 4. e3 Nf6 5. Nbd2 Be7 6. Bd3 O-O 7.
O-O d5 8. Qe2 Qc7 9. dxc5 Bxc5 10. e4 Bb6 11. Kh1 h6 12. h3 Nh5 13. Nb3 Nf4 14.
Bxf4 Qxf4 15. e5 f6 16. exf6 Qxf6 17. Rae1 Bd7 18. Bb5 Rae8 19. Bxc6 Bxc6 20. Nbd4 Bd7 21. Ne5 Bc8 22. f4 a6 23. Rf3 Bc7 24. Qe3 Qd8 25. Ref1 Rf6 26. g3 Ref8 27. Kg2 Qd6 28. h4 Qb6 29. R1f2 Bd6 30. Re2 Qc7 31. h5 Bc5 32. Qd3 Rd8 33. Rfe3 Rd6 34. Ng4 Bxd4 35. cxd4 Rf5 36. Re5 Bd7 37. Qf3 Qc4 38. Qc3 Qxc3 39.
bxc3 Rc6 40. Rxf5 exf5 41. Ne5 Rc7 42. Ng6 Kf7 43. Re7+ Kf6 44. Kf2 b5 45. a3 Rb7 46.
Ke1 Bc6 47. Re5 Rb8 48. Kd2 Be8 49. Rxd5 Bxg6 50. Rd6+ Ke7 51. Rxg6 Kf7 52. Rxa6 1-0

[Event "*** Titled Tuesday Blitz"]
[Site "Chess.com"]
[Date "2021.04.06"]
[Round "10"]
[White "Sergey85Rodchenkov"]
[Black "McCarthyStone"]
[Result "1-0"]
[WhiteElo "2526"]
[BlackElo "2393"]
[TimeControl "180+1"]
[EndTime "11:57:00 PDT"]
[Termination "Sergey85Rodchenkov won by resignation"]

1. Nf3 d5 2. c4 d4 3. e3 dxe3 4. fxe3 Nf6 5. d4 Bg4 6. Nc3 c6 7.
Bd3 Nbd7 8. O-O e5 9. Qb3 Bxf3 10.
Rxf3 Qb6 11. c5 Qxb3 12. axb3 Be7 13. b4 a6 14. Rf5 g6 15. Rf1 O-O 16. Bc4 Kg7 17.
Bd2 Rad8 18. h3 h6 19. Be1 Nh7 20. Bg3 exd4 21. exd4 Bf6 22. Rad1 Rfe8 23. d5 Bxc3 24. bxc3 cxd5 25. Bxd5 Ndf6 26. Bxb7 Rxd1 27. Rxd1 Re3 28. Bf2 Rxc3 29. Bxa6 Nf8 30. b5 Ne6 31. c6 Ne4 32.
Ba7 N4c5 33. Bc8 Nf4 34. Bg4 h5 35. Bf3 Nce6 36. b6 Ng5 37. b7 Nfxh3+ 38. Kf1 Nxf3 39.
gxf3 Rxf3+ 40. Ke2 Rc3 41. b8=Q Nf4+ 42. Qxf4 Rxc6 43.
Qe5+ Kh7 44. Bd4 Re6 45. Qxe6 fxe6 46. Kf3 g5 47. Ke4 Kg6 48. Ke5 g4 49. Be3 h4 50.
Kf4 g3 51. Kg4 g2 52. Kxh4 Kf5 53. Kg3 Ke4 54. Bf2 e5 55. Kxg2 Kf5 56. Re1 1-0

[Event "*** Titled Tuesday Blitz"]
[Site "Chess.com"]
[Date "2021.04.06"]
[Round "10"]
[White "J36225"]
[Black "Matols"]
[Result "1-0"]
[WhiteElo "2442"]
[BlackElo "2311"]
[TimeControl "180+1"]
[EndTime "11:57:00 PDT"]
[Termination "J36225 won by resignation"]

1. e4 e6 2. d4 d5 3. Nd2 c5 4. exd5 Qxd5 5. Ngf3 cxd4 6. Bc4 Qd6 7.
O-O Nf6 8. Nb3 Nc6 9. Nbxd4 Nxd4 10. Qxd4 Qxd4 11. Nxd4 Bd7 12. Bg5 Rc8 13. Bb3 Bc5 14.
Rad1 h6 15. Bh4 g5 16. Bg3 Ke7 17. Rfe1 Bxd4 18. Rxd4 Bc6 19. Bd6+ Ke8 20. Be5 Ke7 21. Red1 Rhg8 22. c4 Ne4 23. Bc2 Nf6 24. b4 a6 25.
a4 b5 26. Bd6+ Ke8 27. axb5 axb5 28. c5 Nd5 29. Be4 Kd7 30. Be5 Ra8 31. f3 Ra4 32. Bg3 Rga8 33. Bxd5 Bxd5 34. Rxd5+ exd5 35. Rxd5+ Ke7 36. c6 Ra1+ 37. Kf2 Rc1 38. Rd7+ Ke8 39. Rc7 Ra2+ 40. Ke3 Rac2 41. Rc8+ Ke7 42. c7 Kf6 43. Rb8 Rc3+ 44. Kd4 Rc4+ 45. Kd3 Rd1+ 46. Ke2 Rdc1 47. Rxb5 R1c3 48.
Rb6+ Kf5 49. Rb5+ Kf6 50. Be5+ Ke6 51. Bxc3 Rxc3 52. Rc5 1-0

[Event "*** Titled Tuesday Blitz"]
[Site "Chess.com"]
[Date "2021.04.06"]
[Round "10"]
[White "Chuchofrio1"]
[Black "C_K_G"]
[Result "0-1"]
[WhiteElo "2367"]
[BlackElo "2091"]
[TimeControl "180+1"]
[EndTime "11:57:01 PDT"]
[Termination "C_K_G won by checkmate"]

1. e4 c5 2. Nc3 d6 3. Bb5+ Nc6 4. Bxc6+ bxc6 5. f4 e6 6. Nf3 Qc7 7. O-O Nf6 8. d3 Be7 9. Qe1 O-O 10. Qg3 Kh8 11.
Bd2 a5 12. Rae1 Ba6 13. b3 Nh5 14. Qh3 Nf6 15. Ng5 h6 16. Nf3 Kg8 17. Kh1 Rad8 18. Rg1 d5 19. e5 Nh7 20. g4 c4 21. bxc4 dxc4 22. d4 Bb7 23. g5 c5 24. gxh6 g6 25. Ne4 cxd4 26. f5 exf5 27. Qxf5 Kh8 28. Qh3 c3 29.
Bc1 d3 30. cxd3 Rxd3 31. Qg4 Rxf3 32. Qxf3 Qxe5 33. Bf4 Qe6 34. Qxc3+ Nf6 35. Be5 Bxe4+ 36. Rxe4 Kh7 37. Ree1 Qd5+ 38. Rg2 Nh5 39. Bg7 Re8 40.
Be5 Bb4 41. Qb2 Bxe1 42. Bg3 Bxg3 43. Qg7+ Nxg7 44. hxg3 Re1+ 45. Kh2 Re3 46. hxg7 Kxg7 47. Rf2 Qf3 48. Rxf3 Rxf3 49. Kg2 Ra3 50. Kh3 Rxa2 51. Kh4 Ra4+ 52. Kg5 Rb4 53. g4 Rb3 54. Kh4 a4 55.
Kg5 a3 56. Kh4 a2 57. g5 a1=Q 58. Kg4 Qa4# 0-1

[Event "*** Titled Tuesday Blitz"]
[Site "Chess.com"]
[Date "2021.04.06"]
[Round "10"]
[White "Ze-Pequeno"]
[Black "fabianvivasz"]
[Result "0-1"]
[WhiteElo "2264"]
[BlackElo "2405"]
[TimeControl "180+1"]
[EndTime "11:57:02 PDT"]
[Termination "fabianvivasz won on time"]

1. e4 e5 2. Nf3 Nc6 3. Nc3 Nf6 4. d4 exd4 5. Nxd4 Bb4 6. Nxc6 bxc6 7. Bd3 d5 8. exd5 O-O 9. O-O Bg4 10. Be2 Bxe2 11. Nxe2 cxd5 12. Bg5 Be7 13. Nd4 Qd7 14. Qf3 Ne4 15. Bxe7 Qxe7 16. Rad1 Qg5 17. Rfe1 Rfe8 18. Nf5 c6 19. h4 Qf6 20. c3 g6 21. Nd4 Qxf3 22.
gxf3 Nd6 23. Nxc6 Nf5 24. h5 Nh4 25. Rxe8+ Rxe8 26. hxg6 Nxf3+ 27. Kg2 Nh4+ 28. Kg3 Nxg6 29. Rxd5 Re2 30. Rb5 h5 31. a4 h4+ 32. Kg2 Re4 33.
f3 Rxa4 34. Rb7 Nf4+ 35. Kf2 Ra2 36. Nd4 Rxb2+ 37. Rxb2 Nd3+ 38. Kg2 Nxb2 39. Kh3 Na4 40. Nb5 a6 41. Nc7 a5 42. Nb5 Nb6 43. Kxh4 a4 44.
Kg5 Nc4 45. Nd4 a3 46. Nb3 a2 47. Kf4 f6 48. Ke4 Nd2+ 49. Ke3 Nxb3 0-1